[Event "1st Magistral Barbera del Valles 2020"]
[Site "Barbera del Valles"]
[Date "2020.11.21"]
[Round "2.2"]
[White "Munoz, Miguel"]
[Black "Peralta, Fernando"]
[Result "1/2-1/2"]
[ECO "C07"]
[WhiteElo "2442"]
[BlackElo "2586"]
[Annotator "RC"]
[PlyCount "53"]
[EventDate "2020.11.20"]
[EventType "tourn"]
[EventCountry "ESP"]
[SourceTitle "playchess.com"]
[Source "ChessBase"]
[SourceQuality "1"]
[TimeControl "5400+30"]

1. e4 e6 2. d4 d5 3. Nd2 c5 4. Ngf3 cxd4 5. Nxd4 Nc6 6. Nxc6 bxc6 7. Bd3 Nf6 8. Qe2 Be7 9. O-O O-O 10. c4 a5 11. b3 a4 12. Rb1 axb3 13. axb3 Bb7 14. e5 Nd7 15. Nf3 c5 16. Re1 d4 17. Be4 Rb8 18. Qd3 Bxe4 19. Rxe4 Qc7 20. Bg5 Rfe8 21. Re2 Nf8 22. Qe4 Bxg5 23. Nxg5 h6 24. Nf3 Rb6 25. Ne1 Reb8 26. Reb2 Nd7 27. Nd3 1/2-1/2